AoeStats
← Jaimeka 3K

MegaRandom

506762285Analyzed
3v3 RM · 16d ago on Sep 15, 2026· 65m 56s· 6 players
Game mode
Random Map
Map size
Normal (6 player)
Population
200
Speed
Normal
Resources
Standard
Victory
Conquest
Starting age
Dark Age
Ending age
Imperial Age
RankedLock teamsTeams togetherTeam positionsShared explorationLock speedFull tech treeHidden civsTurbo modeCheats
Victory
Defeat
🇺🇸 Khmer · United States
1074
+8
🇺🇸 Britons · United States
927
+13
🇻🇪 Celts · Venezuela
776
+18
🇧🇷 Poles · Brazil
883
-14
🇨🇱 Ethiopians · Chile
851
-13
🇨🇱 Mongols · Chile
837
-12
Rammstilhos
10:02 Feudal Age
19:22 Castle Age
22:01 Double-Bit Axe
22:00 Horse Collar
24:14 Stone Mining
30:24 Szlachta Privileges
31:38 Gold Mining
32:11 Bow Saw
33:03 Stone Shaft Mining
33:00 Bloodlines
32:56 Husbandry
35:29 Scale Barding Armor
35:35 Forging
38:54 Imperial Age
38:35 Loom
39:27 Wheelbarrow
38:37 Town Watch
39:25 Cavalier
46:59 Hand Cart
46:34 Town Watch
47:22 Fortified Wall
47:27 Masonry
59:01 Squires
59:21 Heavy Plow
61:08 Hoardings
60:25 Light Cavalry
62:55 Conscription
64:02 Lechitic Legacy
64:41 Chain Barding Armor
64:58 Iron Casting
65:28 Pikeman
TheSeb
0:27 Loom
11:43 Feudal Age
12:46 Double-Bit Axe
14:52 Wheelbarrow
16:05 Town Watch
18:08 Padded Archer Armor
17:59 Fletching
23:57 Castle Age
25:28 Bodkin Arrow
25:48 Leather Archer Armor
28:22 Hand Cart
36:44 Bow Saw
36:28 Gold Mining
36:29 Stone Mining
41:52 Gold Shaft Mining
51:06 Imperial Age
52:18 Conscription
52:36 Capped Ram
54:41 Siege Ram
Jaimeka 3K
0:29 Loom
12:26 Feudal Age
12:53 Double-Bit Axe
16:02 Horse Collar
19:16 Wheelbarrow
22:26 Castle Age
22:48 Gold Mining
22:52 Stone Mining
22:54 Crossbowman
24:51 Thumb Ring
25:10 Hand Cart
25:10 Bow Saw
32:42 Imperial Age
33:03 Forging
32:53 Scale Mail Armor
36:03 Gold Shaft Mining
37:54 Two-Man Saw
37:55 Conscription
38:00 Fletching
38:11 Padded Archer Armor
39:37 Stone Shaft Mining
40:43 Arson
41:01 Squires
41:20 Chain Mail Armor
43:14 Chemistry
44:34 Royal Heirs
47:47 Royal Heirs
50:22 Iron Casting
50:11 Arbalester
KOSTERK
1:17 Loom
10:06 Feudal Age
18:19 Castle Age
18:57 Crossbowman
25:51 Elite Skirmisher
26:35 Padded Archer Armor
27:04 Fletching
27:29 Pikeman
36:16 Double-Bit Axe
36:12 Horse Collar
38:46 Stone Mining
38:47 Gold Mining
41:27 Wheelbarrow
41:05 Bow Saw
40:57 Heavy Plow
42:37 Gold Shaft Mining
42:39 Hand Cart
46:49 Imperial Age
44:32 Town Watch
46:05 Bodkin Arrow
46:26 Leather Archer Armor
48:54 Two-Man Saw
48:19 Bracer
50:24 Chemistry
50:53 Yeomen
50:35 Elite Longbowman
56:32 Caravan
61:14 Ring Archer Armor
61:11 Conscription
65:23 Town Patrol
66:37 Ballistics
65:58 Treadmill Crane
dougelslkoster
12:10 Feudal Age
10:53 Loom
12:41 Double-Bit Axe
12:47 Horse Collar
18:07 Gold Mining
19:36 Wheelbarrow
19:23 Arson
19:00 Man-at-Arms
23:49 Forging
23:40 Scale Mail Armor
23:31 Fletching
28:12 Castle Age
28:38 Pikeman
30:36 Hand Cart
32:29 Gold Shaft Mining
33:32 Elite Skirmisher
36:40 Stone Mining
37:02 Heavy Plow
37:53 Bow Saw
40:11 Treadmill Crane
40:53 Ballistics
40:30 Murder Holes
41:33 Stronghold
47:42 Imperial Age
48:07 Iron Casting
47:29 Bodkin Arrow
47:51 Chain Mail Armor
47:37 Padded Archer Armor
48:50 Conscription
49:30 Hoardings
49:58 Heavy Scorpion
54:36 Chemistry
55:01 Leather Archer Armor
55:47 Blast Furnace
57:17 Capped Ram
66:34 Stone Shaft Mining
65:33 Siege Ram
ELEG_Dk
6:38 Loom
11:08 Feudal Age
18:21 Castle Age
17:06 Double-Bit Axe
18:12 Scale Barding Armor
20:03 Bloodlines
23:10 Forging
24:22 Husbandry
27:29 Fletching
30:31 Imperial Age
28:09 Horse Collar
29:48 Wheelbarrow
31:40 Iron Casting
33:20 Cavalier
39:12 Conscription
39:53 Hand Cart
42:39 Gold Mining
45:14 Chain Barding Armor
48:26 Bow Saw
49:31 Chemistry
50:20 Padded Archer Armor
51:12 Bodkin Arrow
55:04 Elite Ballista Elephant
Connection lost

Rejoining the realm…

Still unreachable

The connection could not be restored.

Session expired

The server has moved on; the page needs a fresh start.